 Dungeon Crawl Stone Soup version 0.18-a0-1443-ge8f1551 (webtiles) character file.

217 trgk the Covert (level 6, -3/36 HPs)
             Began as a Kobold Assassin on Feb 29, 2016.
             Was a Believer of Cheibriados.
             Slain by heinrich's ghost (7 damage)
             ... on level 4 of the Dungeon.
             The game lasted 00:10:19 (3191 turns).

trgk the Covert (Kobold Assassin)                   Turns: 3191, Time: 00:10:19

Health: -3/36      AC:  5    Str: 14    XL:     6   Next: 16%
Magic:  15/15      EV: 17    Int: 14    God:    Cheibriados [**....]
Gold:   248        SH:  0    Dex: 25    Spells: 0 memorised, 5 levels left

rFire  . . .     SeeInvis .     s - +2 dagger (elec)
rCold  . . .     Gourm    .     c - +0 robe
rNeg   . . .     Faith    .     (shield restricted)
rPois  .         Spirit   .     o - +2 hat
rElec  .         Dismiss  .     p - +0 cloak
rCorr  .         Reflect  .     (no gloves)
SustAt .         Harm     .     (no boots)
MR     .....                    (no amulet)
Stlth  +++++.....               (no ring)
                                u - ring of magical power

@: very slow, not resistant to hostile enchantments, quite stealthy
A: carnivore 3
a: Bend Time, Renounce Religion


You were on level 4 of the Dungeon.
You worshipped Cheibriados.
Cheibriados was pleased with you.
You were completely stuffed.

You visited 1 branch of the dungeon, and saw 4 of its levels.

You collected 248 gold pieces.

Inventory:

Hand Weapons
 a - a +2 dagger
 b - a +0 blowgun
 s - a +2 dagger of electrocution (weapon)
Missiles
 e - 21 poisoned needles
 f - 2 curare-tipped needles
Armour
 c - a +0 robe (worn)
 d - a +0 cloak
 h - a +2 ring mail of poison resistance
 o - a +2 hat (worn)
 p - a +0 cloak (worn)
 t - a +0 cloak
Jewellery
 u - a ring of magical power (left hand)
Wands
 q - a wand of random effects (48/48)
Scrolls
 j - 2 scrolls of immolation
 m - 4 scrolls of remove curse
Potions
 k - 3 potions of curing {unknown}
 l - a potion of cancellation {unknown}
 n - a potion of lignification {unknown}
 r - a potion of berserk rage {unknown}
Comestibles
 g - 2 meat rations
 i - 3 beef jerkies


   Skills:
 - Level 2.5 Fighting
 + Level 3.4 Short Blades
 - Level 2.1 Throwing
 + Level 3.2 Dodging
 * Level 8.4 Stealth


You had 5 spell levels left.
You didn't know any spells.

Dungeon Overview and Level Annotations

Branches:
Dungeon (4/15)
 Temple: D:4-7

Altars:
Cheibriados
Xom

Annotations:
D:4 heinrich's ghost, amateur TrMo


Innate Abilities, Weirdness & Mutations

You are small and have problems with some larger weapons.
You are carnivorous and can eat meat at any time.


Message History

You now have 241 gold pieces (gained 8).
You now have 248 gold pieces (gained 7).
Found 12 bolts.
A giant gecko and a player ghost come into view.
You see here 12 bolts.
Heinrich's ghost turns its malevolent gaze towards you.
Heinrich's ghost hits you!
You closely miss heinrich's ghost. Heinrich's ghost misses you.
You closely miss heinrich's ghost.
You hit heinrich's ghost but do no damage.
There is a sudden explosion of sparks!
Heinrich's ghost is moderately damaged.
Heinrich's ghost completely misses you.
You miss heinrich's ghost.
Heinrich's ghost is moderately damaged.
Heinrich's ghost hits you! Heinrich's ghost hits you!
* * * LOW HITPOINT WARNING * * *
Heinrich's ghost hits you!
You die...

##########
........ #......
#.### #....# #
#....l##.#.##..#
#.......W@....#
#.######(###.##
#.# #.# #.#
####.###.## #.#
#.........# #.#
#.##.###..#
#.###.##.# #
#........#
#.....####


You could see heinrich's ghost and a giant gecko (wandering).

Vanquished Creatures
  Crazy Yiuf (D:2)
  Jessica (D:2)
  7 gnolls
  3 adders (D:2)
  An ooze (D:1)
  2 worms
  A dart slug (D:2)
  5 orcs (D:3)
  3 giant cockroaches
  2 goblins
  10 hobgoblins
  A ball python (D:2)
  9 bats
  4 giant newts
  6 kobolds
  2 rats
58 creatures vanquished.

Notes
Turn   | Place    | Note
--------------------------------------------------------------
     0 | D:1      | trgk the Kobold Assassin began the quest for the Orb.
     0 | D:1      | Reached XP level 1. HP: 12/12 MP: 1/1
    74 | D:1      | Reached XP level 2. HP: 12/17 MP: 2/2
   188 | D:1      | Reached skill level 6 in Stealth
   515 | D:2      | Found a faded altar to an unknown god.
   521 | D:2      | Reached XP level 3. HP: 21/21 MP: 3/3
   537 | D:2      | Became a worshipper of Cheibriados the Contemplative
   537 | D:2      | Reached * piety under Cheibriados
   586 | D:2      | HP: 1/21 [gnoll/flail of protection (9)]
   587 | D:2      | Reached XP level 4. HP: 1/26 MP: 4/4
   899 | D:2      | Reached skill level 7 in Stealth
  1052 | D:2      | Noticed Jessica
  1058 | D:2      | Killed Jessica
  1058 | D:2      | Reached XP level 5. HP: 31/31 MP: 5/5
  1219 | D:2      | Found a shimmering altar of Xom.
  1220 | D:2      | Found a shimmering altar of Xom.
  1220 | D:2      | Found a shimmering altar of Xom.
  1221 | D:2      | Found a shimmering altar of Xom.
  1221 | D:2      | Found a shimmering altar of Xom.
  1611 | D:2      | Noticed Crazy Yiuf
  1632 | D:2      | Killed Crazy Yiuf
  1632 | D:2      | Reached skill level 8 in Stealth
  1886 | D:2      | Reached ** piety under Cheibriados
  2062 | D:2      | Found a shimmering altar of Xom.
  2064 | D:2      | Found a shimmering altar of Xom.
  2064 | D:2      | Found a shimmering altar of Xom.
  2256 | D:3      | Reached XP level 6. HP: 36/36 MP: 6/6
  3182 | D:4      | Noticed heinrich's ghost (amateur TrMo)
  3191 | D:4      | Slain by heinrich's ghost

Vault maps used:
D:1:      dpeg_arrival_shrine
D:2:      ecumenical_altar_2, xom_redecorated, uniq_crazy_yiuf_cottage,
          uniq_jessica
D:4:      grunt_qazlal_clouds, lemuel_coloured_pillars_altar,
          gammafunk_temple_overflow_elements, uniq_eustachio

Skill      XL: |  1  2  3  4  5  6 |
---------------+-------------------+-----
Stealth        | 6 7 8 |  8.4
Dodging        | 2 3 |  3.2
Short Blades   | 3 |  3.4
Fighting       | |  2.5
Throwing       | |  2.1

Action                   |  1- 3 |  4- 6 || total
-------------------------+-------+-------++-------
Melee: Dagger            |    62 |   114 ||   176
 Fire: Blowgun           |       |    15 ||    15
  Use: Scroll            |       |     6 ||     6
 Stab: Sleeping          |     7 |     8 ||    15
       Distracted        |       |     1 ||     1
  Eat: Chunk             |     7 |     4 ||    11
